[Event "POL-chT DMP Ekstraliga 2019"]
[Site "Katowice"]
[Date "2019.08.29"]
[Round "2.26"]
[White "Shevchenko, Kirill"]
[Black "Hracek, Zbynek"]
[Result "1/2-1/2"]
[ECO "E34"]
[WhiteElo "2556"]
[BlackElo "2572"]
[Annotator "ChessBase"]
[PlyCount "63"]
[EventDate "2019.08.28"]
[EventType "team-tourn"]
[EventCountry "POL"]
[SourceTitle "playchess.com"]
[Source "ChessBase"]
[SourceQuality "1"]
[TimeControl "40/5400+30:1800+30"]

1. d4 Nf6 2. c4 e6 3. Nc3 Bb4 4. Qc2 d5 5. Bg5 h6 6. Bh4 c5 7. cxd5 exd5 8. dxc5 g5 9. Bg3 Ne4 10. e3 Qa5 11. Rc1 Bf5 12. Bxb8 Rxb8 13. Bd3 O-O 14. Nge2 Rbc8 15. O-O Rxc5 16. Nd4 Nxc3 17. bxc3 Rxc3 18. Nxf5 Rxc2 19. Nxh6+ Kg7 20. Nf5+ Kf6 21. Rxc2 Qa3 22. Rd1 g4 23. Nd4 a6 24. Be2 Rg8 25. Nb3 Rg5 26. Rd3 Bd6 27. g3 Qb4 28. Nd2 Qa4 29. Bd1 Qb5 30. Be2 Qa4 31. Bd1 Qb5 32. Be2 1/2-1/2

[Event "POL-chT DMP Ekstraliga 2019"]
[Site "Katowice"]
[Date "2019.08.29"]
[Round "2.27"]
[White "Markowski, Tomasz"]
[Black "Kriebel, Tadeas"]
[Result "1-0"]
[ECO "D05"]
[WhiteElo "2537"]
[BlackElo "2531"]
[Annotator "ChessBase"]
[PlyCount "139"]
[EventDate "2019.08.28"]
[EventType "team-tourn"]
[EventCountry "POL"]
[SourceTitle "playchess.com"]
[Source "ChessBase"]
[SourceQuality "1"]
[TimeControl "40/5400+30:1800+30"]

1. d4 Nf6 2. Nf3 e6 3. e3 d5 4. Bd3 b6 5. O-O Bb7 6. b3 Bd6 7. c4 Nbd7 8. cxd5 exd5 9. Ba3 Bxa3 10. Nxa3 O-O 11. Rc1 c6 12. Nb1 Qe7 13. Nc3 Ne4 14. Qc2 f5 15. Qb2 Qd6 16. b4 b5 17. a4 a6 18. axb5 axb5 19. Ra1 Rae8 20. Ne2 h6 21. Ra7 Bc8 22. Rc1 Nb6 23. Ne5 Nc4 24. Bxc4 dxc4 25. f3 Nf6 26. Nf4 Nd7 27. Nfg6 Nxe5 28. Nxe5 f4 29. e4 Rd8 30. h4 Rfe8 31. Kh2 Qxd4 32. Qxd4 Rxd4 33. Nxc6 Rd7 34. Ra5 Rb7 35. Rd1 Bd7 36. Rd6 Bxc6 37. Rxc6 Re5 38. Kh3 Kh7 39. Kg4 Rf7 40. Rxc4 h5+ 41. Kh3 Rd7 42. Rc1 g5 43. hxg5 Rxg5 44. Rc2 Rdg7 45. Ra3 Rg3+ 46. Kh2 h4 47. Rac3 h3 48. gxh3 R7g6 49. Rd2 Kh6 50. Rf2 Kg5 51. Rc8 Rh6 52. Rg8+ Kh4 53. Rg4+ Rxg4 54. hxg4 Rc6 55. Re2 Re6 56. Kg2 Re7 57. Re1 Rc7 58. Rh1+ Kg5 59. Rh5+ Kg6 60. Rf5 Rc2+ 61. Kh3 Rb2 62. g5 Rxb4 63. Kg4 Rb1 64. Kxf4 b4 65. Rf6+ Kg7 66. Rb6 b3 67. Kf5 b2 68. f4 Kf7 69. Rb7+ Kg8 70. g6 1-0

[Event "POL-chT DMP Ekstraliga 2019"]
[Site "Katowice"]
[Date "2019.08.29"]
[Round "2.28"]
[White "Simacek, Pavel"]
[Black "Nasuta, Grzegorz"]
[Result "1/2-1/2"]
[ECO "C78"]
[WhiteElo "2479"]
[BlackElo "2533"]
[Annotator "ChessBase"]
[PlyCount "77"]
[EventDate "2019.08.28"]
[EventType "team-tourn"]
[EventCountry "POL"]
[SourceTitle "playchess.com"]
[Source "ChessBase"]
[SourceQuality "1"]
[TimeControl "40/5400+30:1800+30"]

1. e4 e5 2. Nf3 Nc6 3. Bb5 a6 4. Ba4 Nf6 5. O-O b5 6. Bb3 Bc5 7. d3 d6 8. Nc3 h6 9. Nd5 O-O 10. c3 Rb8 11. Be3 Nxd5 12. Bxd5 Bxe3 13. fxe3 Ne7 14. Bb3 c5 15. Nh4 d5 16. Qh5 c4 17. Bc2 cxd3 18. Bxd3 d4 19. Rad1 Nc6 20. Nf3 Qb6 21. Nxe5 Nxe5 22. Qxe5 dxc3 23. Qxc3 Qxe3+ 24. Kh1 b4 25. Qe1 Qxe1 26. Rfxe1 Be6 27. Bxa6 Bxa2 28. Rd4 Rfd8 29. Red1 Rxd4 30. Rxd4 Be6 31. Kg1 b3 32. Kf2 Ra8 33. Rd6 Kf8 34. Ke3 Ke7 35. e5 Rb8 36. Rd4 Ra8 37. Rd6 Rb8 38. Rd4 Ra8 39. Ke4 1/2-1/2

[Event "POL-chT DMP Ekstraliga 2019"]
[Site "Katowice"]
[Date "2019.08.29"]
[Round "2.29"]
[White "Jakubowski, Krzysztof"]
[Black "Bobras, Piotr"]
[Result "1/2-1/2"]
[ECO "C55"]
[WhiteElo "2518"]
[BlackElo "2488"]
[Annotator "ChessBase"]
[PlyCount "73"]
[EventDate "2019.08.28"]
[EventType "team-tourn"]
[EventCountry "POL"]
[SourceTitle "playchess.com"]
[Source "ChessBase"]
[SourceQuality "1"]
[TimeControl "40/5400+30:1800+30"]

1. e4 e5 2. Nf3 Nc6 3. Bc4 Nf6 4. d3 Be7 5. c3 O-O 6. O-O d5 7. exd5 Nxd5 8. Re1 Bg4 9. h3 Bh5 10. Nbd2 Nb6 11. Bb5 f6 12. Ne4 Qd5 13. Qb3 Bf7 14. Qxd5 Bxd5 15. Be3 Rfd8 16. Ned2 a6 17. Bxc6 Bxc6 18. Bxb6 cxb6 19. d4 Bd6 20. dxe5 Bxe5 21. Nxe5 Rxd2 22. Nc4 Rc2 23. Rac1 Rxc1 24. Rxc1 b5 25. Ne3 Rd8 26. Rd1 Rxd1+ 27. Nxd1 g5 28. Ne3 Kf7 29. g3 Bf3 30. Nc2 Bd5 31. a3 Ke6 32. Nd4+ Ke5 33. f3 f5 34. Kf2 h5 35. h4 gxh4 36. gxh4 f4 37. Ne2 1/2-1/2

[Event "POL-chT DMP Ekstraliga 2019"]
[Site "Katowice"]
[Date "2019.08.29"]
[Round "2.30"]
[White "Kiolbasa, Oliwia"]
[Black "Buksa, Nataliya"]
[Result "0-1"]
[ECO "B33"]
[WhiteElo "2244"]
[BlackElo "2406"]
[Annotator "NA"]
[PlyCount "94"]
[EventDate "2019.08.28"]
[EventType "team-tourn"]
[EventCountry "POL"]
[SourceTitle "playchess.com"]
[Source "ChessBase"]
[SourceQuality "1"]
[TimeControl "40/5400+30:1800+30"]

1. e4 c5 2. Nf3 Nc6 3. d4 cxd4 4. Nxd4 Nf6 5. Nc3 e5 6. Ndb5 d6 7. Bg5 a6 8. Bxf6 gxf6 9. Na3 b5 10. Nd5 f5 11. g3 Be6 12. Bg2 Rc8 13. O-O Bg7 14. Qh5 fxe4 15. Bxe4 Ne7 16. Rad1 Nxd5 17. Bxd5 Qd7 18. Qe2 O-O 19. b3 Rc5 20. Bxe6 Qxe6 21. Qd2 Rd8 22. c4 bxc4 23. Nxc4 d5 24. Rfe1 e4 25. Qf4 Re8 26. Qd6 Qxd6 27. Nxd6 Re5 28. f4 Re6 29. Nf5 Bc3 30. Nd4 Bxe1 31. Nxe6 fxe6 32. Rxe1 Rc2 33. a4 Kf7 34. g4 a5 35. Re3 e5 36. f5 Kf6 37. h4 h5 38. gxh5 Kxf5 39. Rg3 Kf4 40. Rg7 e3 41. Rf7+ Ke4 42. h6 Rc1+ 43. Rf1 Rc6 44. h7 Rh6 45. Rf7 Rxh4 46. b4 axb4 47. a5 e2 0-1

[Event "POL-chT DMP Ekstraliga 2019"]
[Site "Katowice"]
[Date "2019.08.30"]
[Round "3.1"]
[White "Kempinski, Robert"]
[Black "Mista, Aleksander"]
[Result "1/2-1/2"]
[ECO "D71"]
[WhiteElo "2579"]
[BlackElo "2599"]
[Annotator "ChessBase"]
[PlyCount "45"]
[EventDate "2019.08.28"]
[EventType "team-tourn"]
[EventCountry "POL"]
[SourceTitle "playchess.com"]
[Source "ChessBase"]
[SourceQuality "1"]
[TimeControl "40/5400+30:1800+30"]

1. d4 Nf6 2. c4 g6 3. g3 c6 4. Nf3 Bg7 5. Bg2 d5 6. cxd5 cxd5 7. Ne5 O-O 8. Nc3 Bf5 9. O-O Ne4 10. Bf4 Nxc3 11. bxc3 Nc6 12. Nxc6 bxc6 13. Qa4 e6 14. Qxc6 Rc8 15. Qa4 Rxc3 16. Rac1 Rxc1 17. Rxc1 Qb6 18. e3 Bd3 19. Bf1 Qb2 20. Qd1 Bxf1 21. Qxf1 Qxa2 22. Ra1 Qb2 23. Rxa7 1/2-1/2

[Event "POL-chT DMP Ekstraliga 2019"]
[Site "Katowice"]
[Date "2019.08.30"]
[Round "3.2"]
[White "Moranda, Wojciech"]
[Black "Shevchenko, Kirill"]
[Result "1/2-1/2"]
[ECO "E68"]
[WhiteElo "2597"]
[BlackElo "2556"]
[Annotator "ChessBase"]
[PlyCount "60"]
[EventDate "2019.08.28"]
[EventType "team-tourn"]
[EventCountry "POL"]
[SourceTitle "playchess.com"]
[Source "ChessBase"]
[SourceQuality "1"]
[TimeControl "40/5400+30:1800+30"]

1. c4 Nf6 2. g3 g6 3. Bg2 Bg7 4. Nc3 O-O 5. d4 d6 6. Nf3 Nbd7 7. O-O e5 8. e4 c6 9. Qc2 exd4 10. Nxd4 Re8 11. h3 Nb6 12. b3 Nxe4 13. Nxe4 Bxd4 14. Bg5 f6 15. Rad1 fxg5 16. Rxd4 d5 17. cxd5 cxd5 18. Nc3 Be6 19. Qd2 Qe7 20. Nxd5 Nxd5 21. Bxd5 Bxd5 22. Rxd5 Qe6 23. Rd1 a6 24. Rd7 Re7 25. Rxe7 Qxe7 26. Re1 Qc5 27. Rc1 Qe7 28. Qa5 Rd8 29. Re1 Qf6 30. Qc7 Rf8 1/2-1/2

[Event "POL-chT DMP Ekstraliga 2019"]
[Site "Katowice"]
[Date "2019.08.30"]
[Round "3.3"]
[White "Kriebel, Tadeas"]
[Black "Dziuba, Marcin"]
[Result "0-1"]
[ECO "B34"]
[WhiteElo "2531"]
[BlackElo "2568"]
[Annotator "ChessBase"]
[PlyCount "64"]
[EventDate "2019.08.28"]
[EventType "team-tourn"]
[EventCountry "POL"]
[SourceTitle "playchess.com"]
[Source "ChessBase"]
[SourceQuality "1"]
[TimeControl "40/5400+30:1800+30"]

1. e4 c5 2. Nf3 Nc6 3. d4 cxd4 4. Nxd4 Nf6 5. Nc3 e5 6. Ndb5 d6 7. Nd5 Nxd5 8. exd5 Nb8 9. a4 Be7 10. Bd2 O-O 11. a5 a6 12. Na3 Bf5 13. Be2 Be4 14. Bf3 Bg6 15. O-O Nd7 16. Nc4 Rc8 17. b3 f5 18. Bb4 Nc5 19. Bh5 Qe8 20. Bxg6 Qxg6 21. Nb6 Rcd8 22. Qe2 e4 23. Rad1 f4 24. f3 exf3 25. Rxf3 Ne4 26. Kh1 Bh4 27. Rdf1 Rde8 28. Qd3 Qh6 29. Nc4 g5 30. Bc3 g4 31. Qd4 Bf6 32. Rxf4 Ng3+ 0-1

[Event "POL-chT DMP Ekstraliga 2019"]
[Site "Katowice"]
[Date "2019.08.30"]
[Round "3.4"]
[White "Michalik, Peter"]
[Black "Simacek, Pavel"]
[Result "1/2-1/2"]
[ECO "B30"]
[WhiteElo "2573"]
[BlackElo "2479"]
[Annotator "ChessBase"]
[PlyCount "82"]
[EventDate "2019.08.28"]
[EventType "team-tourn"]
[EventCountry "POL"]
[SourceTitle "playchess.com"]
[Source "ChessBase"]
[SourceQuality "1"]
[TimeControl "40/5400+30:1800+30"]

1. e4 c5 2. Nf3 Nc6 3. Bb5 e5 4. Bxc6 dxc6 5. d3 Bd6 6. Nbd2 Ne7 7. Nc4 Ng6 8. Be3 b6 9. a4 a5 10. h4 h5 11. Nxd6+ Qxd6 12. Nd2 Be6 13. g3 f6 14. Qe2 Nf4 15. Bxf4 exf4 16. Qf3 fxg3 17. Qxg3 Qxg3 18. fxg3 O-O-O 19. b3 Kc7 20. O-O Rhe8 21. Rf2 Bg4 22. Nf1 Re5 23. Nd2 Rd7 24. Nc4 Re8 25. Ne3 Be6 26. Kg2 Rde7 27. Rf4 Bc8 28. Kf2 Bd7 29. Rg1 Kd6 30. Ke2 Kc7 31. Kd2 Bc8 32. Nf5 Bxf5 33. Rxf5 Rh8 34. Rgf1 Kd6 35. Ke3 Re5 36. Kf4 Re6 37. Kf3 Re5 38. g4 hxg4+ 39. Kxg4 Ke6 40. Rh1 Rh6 41. Rxe5+ Kxe5 1/2-1/2

[Event "POL-chT DMP Ekstraliga 2019"]
[Site "Katowice"]
[Date "2019.08.30"]
[Round "3.5"]
[White "Bobras, Piotr"]
[Black "Plat, Vojtech"]
[Result "1/2-1/2"]
[ECO "D89"]
[WhiteElo "2488"]
[BlackElo "2561"]
[Annotator "ChessBase"]
[PlyCount "42"]
[EventDate "2019.08.28"]
[EventType "team-tourn"]
[EventCountry "POL"]
[SourceTitle "playchess.com"]
[Source "ChessBase"]
[SourceQuality "1"]
[TimeControl "40/5400+30:1800+30"]

1. d4 Nf6 2. c4 g6 3. Nc3 d5 4. cxd5 Nxd5 5. e4 Nxc3 6. bxc3 Bg7 7. Bc4 c5 8. Ne2 O-O 9. O-O Nc6 10. Be3 cxd4 11. cxd4 Bg4 12. f3 Na5 13. Bd3 Be6 14. d5 Bd7 15. Rb1 e6 16. Qd2 exd5 17. exd5 b5 18. Rfc1 a6 19. Bg5 Qb6+ 20. Be3 Qd8 21. Bg5 Qb6+ 1/2-1/2

[Event "POL-chT DMP Ekstraliga 2019"]
[Site "Katowice"]
[Date "2019.08.30"]
[Round "3.6"]
[White "Majdan, Joanna"]
[Black "Kiolbasa, Oliwia"]
[Result "1-0"]
[ECO "C49"]
[WhiteElo "2368"]
[BlackElo "2244"]
[Annotator "NA"]
[PlyCount "78"]
[EventDate "2019.08.28"]
[EventType "team-tourn"]
[EventCountry "POL"]
[SourceTitle "playchess.com"]
[Source "ChessBase"]
[SourceQuality "1"]
[TimeControl "40/5400+30:1800+30"]

1. e4 e5 2. Nf3 Nc6 3. Nc3 Nf6 4. Bb5 Bb4 5. O-O O-O 6. d3 Bxc3 7. bxc3 d6 8. Bg5 Qe7 9. Re1 Nd8 10. d4 Ne6 11. Bc1 c6 12. Bf1 Qc7 13. g3 Re8 14. Bg2 c5 15. d5 Nf8 16. Nh4 c4 17. Bg5 N6d7 18. Qe2 Nb6 19. Bd2 Bd7 20. Qf1 Na4 21. f4 b5 22. Qf3 a5 23. Rf1 f6 24. g4 Ng6 25. Nxg6 hxg6 26. h4 exf4 27. Bxf4 b4 28. cxb4 axb4 29. h5 gxh5 30. gxh5 Nc3 31. Rfe1 Ra3 32. Qf2 Rea8 33. h6 Rxa2 34. Rxa2 Rxa2 35. hxg7 Be8 36. Bh6 Qf7 37. Rf1 b3 38. Qxf6 b2 39. Qxd6 Qxf1+ 1-0

[Event "POL-chT DMP Ekstraliga 2019"]
[Site "Katowice"]
[Date "2019.08.30"]
[Round "3.8"]
[White "Hracek, Zbynek"]
[Black "Czarnota, Pawel"]
[Result "1/2-1/2"]
[ECO "E68"]
[WhiteElo "2572"]
[BlackElo "2532"]
[Annotator "ChessBase"]
[PlyCount "53"]
[EventDate "2019.08.28"]
[EventType "team-tourn"]
[EventCountry "POL"]
[SourceTitle "playchess.com"]
[Source "ChessBase"]
[SourceQuality "1"]
[TimeControl "40/5400+30:1800+30"]

1. c4 Nf6 2. Nf3 g6 3. g3 Bg7 4. Bg2 O-O 5. O-O d6 6. d4 Nbd7 7. Nc3 e5 8. e4 exd4 9. Nxd4 Re8 10. Be3 c6 11. h3 Nc5 12. Qc2 a5 13. Rad1 Nfd7 14. Nb3 Qc7 15. Nxc5 Nxc5 16. Bd4 Be6 17. Bxg7 Kxg7 18. Rd4 Rad8 19. Rfd1 b6 20. Qd2 Nb7 21. b3 f6 22. f4 Bf7 23. Kh2 Re7 24. Qb2 Nc5 25. Qd2 Nb7 26. Qb2 Nc5 27. Qd2 1/2-1/2

[Event "POL-chT DMP Ekstraliga 2019"]
[Site "Katowice"]
[Date "2019.08.30"]
[Round "3.9"]
[White "Olszewski, Michal"]
[Black "Markowski, Tomasz"]
[Result "1-0"]
[ECO "C18"]
[WhiteElo "2522"]
[BlackElo "2537"]
[Annotator "ChessBase"]
[PlyCount "63"]
[EventDate "2019.08.28"]
[EventType "team-tourn"]
[EventCountry "POL"]
[SourceTitle "playchess.com"]
[Source "ChessBase"]
[SourceQuality "1"]
[TimeControl "40/5400+30:1800+30"]

1. e4 e6 2. d4 d5 3. Nc3 Bb4 4. e5 c5 5. a3 Bxc3+ 6. bxc3 Ne7 7. h4 Qc7 8. h5 h6 9. a4 Bd7 10. Rh3 Nbc6 11. Ba3 b6 12. Nf3 Na5 13. dxc5 bxc5 14. Rg3 Nf5 15. Rg4 Nc6 16. Qe2 O-O 17. g3 f6 18. exf6 Rxf6 19. Rg6 Rxg6 20. hxg6 Qa5 21. Qd2 Qxa4 22. Bd3 Rf8 23. c4 Nfd4 24. Nxd4 Nxd4 25. Qc3 Nf3+ 26. Ke2 d4 27. Bxc5 Qc6 28. Qb4 Rc8 29. Rxa7 Ne5 30. Bxd4 Nxd3 31. cxd3 e5 32. Qe7 1-0

[Event "POL-chT DMP Ekstraliga 2019"]
[Site "Katowice"]
[Date "2019.08.30"]
[Round "3.10"]
[White "Nasuta, Grzegorz"]
[Black "Warakomski, Tomasz"]
[Result "1-0"]
[ECO "C44"]
[WhiteElo "2533"]
[BlackElo "2497"]
[Annotator "ChessBase"]
[PlyCount "51"]
[EventDate "2019.08.28"]
[EventType "team-tourn"]
[EventCountry "POL"]
[SourceTitle "playchess.com"]
[Source "ChessBase"]
[SourceQuality "1"]
[TimeControl "40/5400+30:1800+30"]

1. e4 e5 2. Nf3 Nc6 3. d4 exd4 4. Nxd4 Qf6 5. Nf3 Bb4+ 6. c3 Bc5 7. Be2 d6 8. O-O Nge7 9. b4 Bb6 10. Bg5 Qg6 11. Bh4 Bh3 12. Bg3 Be6 13. Nbd2 O-O 14. b5 Nd8 15. Nd4 d5 16. Bf3 dxe4 17. Bxe4 Qh6 18. N2f3 c6 19. Re1 Re8 20. a4 Ba5 21. Rc1 Rc8 22. Ne5 Nd5 23. Qf3 Nxc3 24. Nf5 Bxf5 25. Bxf5 Nxa4 26. Ng4 1-0

[Event "POL-chT DMP Ekstraliga 2019"]
[Site "Katowice"]
[Date "2019.08.30"]
[Round "3.11"]
[White "Kantans, Toms"]
[Black "Jakubowski, Krzysztof"]
[Result "0-1"]
[ECO "C44"]
[WhiteElo "2490"]
[BlackElo "2518"]
[Annotator "ChessBase"]
[PlyCount "152"]
[EventDate "2019.08.28"]
[EventType "team-tourn"]
[EventCountry "POL"]
[SourceTitle "playchess.com"]
[Source "ChessBase"]
[SourceQuality "1"]
[TimeControl "40/5400+30:1800+30"]

1. e4 e5 2. Nf3 Nc6 3. d4 exd4 4. Nxd4 Nf6 5. Nxc6 bxc6 6. Qe2 Bc5 7. Be3 Bxe3 8. Qxe3 Rb8 9. Qxa7 Rxb2 10. Bd3 Rb6 11. O-O O-O 12. a4 d5 13. a5 Rb7 14. Qc5 dxe4 15. a6 Rb8 16. Be2 Qd5 17. Qa7 Bg4 18. Bxg4 Qe5 19. Nd2 Nxg4 20. f4 Qe7 21. h3 Ra8 22. Qd4 Rfd8 23. Qc3 Nf6 24. Nb3 e3 25. Qc5 Qe4 26. Qe5 Qxc2 27. Nd4 Qc4 28. Nf5 e2 29. Rfc1 Rxa6 30. Rxc4 Rxa1+ 31. Kf2 e1=Q+ 32. Qxe1 Rxe1 33. Kxe1 Re8+ 34. Kd2 g6 35. Ne3 Re6 36. f5 Rd6+ 37. Ke2 g5 38. h4 h6 39. hxg5 hxg5 40. Nc2 Nd5 41. Kf3 Nb6 42. Rc3 Nd7 43. Kg4 Nf6+ 44. Kf3 g4+ 45. Ke2 Kg7 46. Nb4 Nd5 47. Rc4 Nxb4 48. Rxg4+ Kf6 49. Rxb4 Kxf5 50. Rc4 Ke5 51. Rc1 Kd4 52. Rd1+ Ke4 53. Rc1 Re6 54. Kf2 Rf6+ 55. Ke2 Re6 56. Kf2 Kd4 57. Rd1+ Kc4 58. Rc1+ Kb5 59. Rb1+ Ka6 60. Ra1+ Kb7 61. Rb1+ Kc8 62. Rc1 Kd7 63. Kf3 Re5 64. Kf4 Rd5 65. g4 c5 66. g5 Kc6 67. Kg4 Kd6 68. Rf1 Ke7 69. Rc1 Kf8 70. Kf4 Kg7 71. Ra1 c4 72. Ke4 Rxg5 73. Ra7 Rc5 74. Kd4 Rc6 75. Kd5 Rd6+ 76. Kxc4 Rd7 {[%emt 0:00:04] Kd4} 0-1

[Event "POL-chT DMP Ekstraliga 2019"]
[Site "Katowice"]
[Date "2019.08.30"]
[Round "3.12"]
[White "Buksa, Nataliya"]
[Black "Warakomska, Anna"]
[Result "1/2-1/2"]
[ECO "B12"]
[WhiteElo "2406"]
[BlackElo "2241"]
[Annotator "NA"]
[PlyCount "95"]
[EventDate "2019.08.28"]
[EventType "team-tourn"]
[EventCountry "POL"]
[SourceTitle "playchess.com"]
[Source "ChessBase"]
[SourceQuality "1"]
[TimeControl "40/5400+30:1800+30"]

1. e4 c6 2. d4 d5 3. e5 Bf5 4. Nd2 e6 5. Nb3 c5 6. dxc5 Bxc5 7. Nxc5 Qa5+ 8. c3 Qxc5 9. Be3 Qc7 10. f4 Ne7 11. Nf3 Nbc6 12. Be2 O-O 13. O-O Rad8 14. Qd2 f6 15. exf6 Rxf6 16. Rae1 Nc8 17. Bd4 Nxd4 18. Qxd4 Qb6 19. Qxb6 Nxb6 20. Nd4 Be4 21. Bf3 Bxf3 22. Rxf3 Nc4 23. Nxe6 Rd6 24. Nc5 Nxb2 25. Rb1 b6 26. Nb7 Rd7 27. Rxb2 Rxb7 28. Rd2 Rbf7 29. Rd4 g5 30. Rg3 h6 31. h3 Rxf4 32. Rxd5 Ra4 33. Rd2 Kg7 34. Re3 Ra3 35. Kh2 Rc7 36. Re6 Raxc3 37. Rdd6 Rc2 38. Rg6+ Kf7 39. Rxh6 Re7 40. Rh7+ Ke8 41. Rh8+ Kf7 42. Rh5 g4 43. hxg4 Rxa2 44. Rh7+ Ke8 45. Rh8+ Kf7 46. Rh7+ Ke8 47. Rh8+ Kf7 48. Rh7+ 1/2-1/2

[Event "POL-chT DMP Ekstraliga 2019"]
[Site "Katowice"]
[Date "2019.08.30"]
[Round "3.17"]
[White "Osmak, Iulija"]
[Black "Miton, Kamil"]
[Result "1/2-1/2"]
[ECO "B01"]
[WhiteElo "2414"]
[BlackElo "2589"]
[Annotator "ChessBase"]
[PlyCount "84"]
[EventDate "2019.08.28"]
[EventType "team-tourn"]
[EventCountry "POL"]
[SourceTitle "playchess.com"]
[Source "ChessBase"]
[SourceQuality "1"]
[TimeControl "40/5400+30:1800+30"]

1. e4 d5 2. exd5 Qxd5 3. Nc3 Qd8 4. d4 Nf6 5. Nf3 g6 6. Bc4 Bg7 7. O-O O-O 8. Re1 Nc6 9. h3 b6 10. Be3 e6 11. Qe2 Bb7 12. Rad1 Ne7 13. Ne5 Nf5 14. Ba6 Qc8 15. Bxb7 Qxb7 16. Bg5 Nd5 17. Nxd5 exd5 18. Nd7 Rfc8 19. c3 c5 20. Nf6+ Bxf6 21. Bxf6 Qc6 22. Be5 Re8 23. Qf3 f6 24. Bxf6 Qxf6 25. g4 cxd4 26. Qxd5+ Kh8 27. gxf5 dxc3 28. bxc3 gxf5 29. Qd4 Rxe1+ 30. Rxe1 Qxd4 31. cxd4 Rd8 32. Re7 a5 33. Re6 Rxd4 34. Rxb6 Ra4 35. Rb7 Kg8 36. Kg2 Rxa2 37. Rb5 f4 38. Rf5 Ra4 39. Kf3 Kg7 40. Kg4 Kg6 41. f3 Ra1 42. Rb5 h5+ 1/2-1/2

[Event "POL-chT DMP Ekstraliga 2019"]
[Site "Katowice"]
[Date "2019.08.30"]
[Round "3.18"]
[White "Socko, Monika"]
[Black "Leks, Maria"]
[Result "1-0"]
[ECO "D70"]
[WhiteElo "2436"]
[BlackElo "2129"]
[Annotator "NA"]
[PlyCount "73"]
[EventDate "2019.08.28"]
[EventType "team-tourn"]
[EventCountry "POL"]
[SourceTitle "playchess.com"]
[Source "ChessBase"]
[SourceQuality "1"]
[TimeControl "40/5400+30:1800+30"]

1. d4 d5 2. c4 c6 3. Nf3 Nf6 4. Nbd2 Bf5 5. g3 e6 6. Bg2 Nbd7 7. Nh4 Bg6 8. Nxg6 hxg6 9. O-O Bb4 10. Qc2 Bxd2 11. Bxd2 O-O 12. a4 dxc4 13. Qxc4 e5 14. a5 a6 15. e4 exd4 16. Bf4 d3 17. Qxd3 Nc5 18. Qc4 Qe7 19. b4 Ne6 20. Be3 Rfd8 21. f4 Nc7 22. Rae1 Nb5 23. Bc5 Qd7 24. Bb6 Qd3 25. Qc1 Re8 26. Re3 Qd7 27. Rd1 Qe6 28. Qc2 Ng4 29. Red3 g5 30. h3 Nf6 31. fxg5 Nh5 32. Qf2 Qe5 33. Rf1 Qxg5 34. Qxf7+ Kh8 35. Rf5 Qc1+ 36. Kh2 Nf6 37. Rxf6 1-0

[Event "POL-chT DMP Ekstraliga 2019"]
[Site "Katowice"]
[Date "2019.08.30"]
[Round "3.21"]
[White "Skawinski, Arkadiusz"]
[Black "Tazbir, Marcin"]
[Result "1-0"]
[ECO "C70"]
[WhiteElo "2398"]
[BlackElo "2521"]
[Annotator "ChessBase"]
[PlyCount "127"]
[EventDate "2019.08.28"]
[EventType "team-tourn"]
[EventCountry "POL"]
[SourceTitle "playchess.com"]
[Source "ChessBase"]
[SourceQuality "1"]
[TimeControl "40/5400+30:1800+30"]

1. e4 e5 2. Nf3 Nc6 3. Bb5 a6 4. Ba4 Nge7 5. c3 g6 6. d4 exd4 7. cxd4 Bg7 8. Nc3 b5 9. Bb3 Na5 10. Bc2 d6 11. h3 O-O 12. O-O c5 13. Ne2 Qb6 14. b3 c4 15. d5 Bd7 16. Be3 Qc7 17. b4 Nb7 18. Bd4 a5 19. Bxg7 Kxg7 20. Qd4+ f6 21. a3 Nd8 22. Nc3 Nf7 23. Qe3 Rfe8 24. Nd4 Qb7 25. Qd2 Ra6 26. bxa5 Rxa5 27. Rfb1 Qa6 28. Rb4 Rxa3 29. Rxa3 Qxa3 30. Ncxb5 Qa5 31. Qc3 Rb8 32. Rxc4 Rxb5 33. Qxa5 Rxa5 34. Rc7 Ne5 35. f4 Rc5 36. Rb7 Kf8 37. fxe5 fxe5 38. Nb3 Rxc2 39. Rxd7 Re2 40. Rxd6 Rxe4 41. Rd8+ Kf7 42. d6 Ng8 43. Rd7+ Ke8 44. Nc5 Re1+ 45. Kh2 Rd1 46. Rg7 Kf8 47. Ne6+ Ke8 48. Rxg8+ Kf7 49. d7 Rxd7 50. Nc5 Rd4 51. Ra8 h5 52. Ra4 Rd5 53. Ne4 Ke6 54. Ra6+ Kf7 55. Ng5+ Kg7 56. h4 Rb5 57. Re6 Rb4 58. g3 Rb2+ 59. Kh3 Re2 60. Nf3 e4 61. Ne5 Re1 62. Nxg6 Kf7 63. Nf4 e3 64. Kg2 1-0

[Event "POL-chT DMP Ekstraliga 2019"]
[Site "Katowice"]
[Date "2019.08.30"]
[Round "3.22"]
[White "Sadzikowski, Daniel"]
[Black "Butkiewicz, Lukasz"]
[Result "1/2-1/2"]
[ECO "B10"]
[WhiteElo "2502"]
[BlackElo "2436"]
[Annotator "ChessBase"]
[PlyCount "37"]
[EventDate "2019.08.28"]
[EventType "team-tourn"]
[EventCountry "POL"]
[SourceTitle "playchess.com"]
[Source "ChessBase"]
[SourceQuality "1"]
[TimeControl "40/5400+30:1800+30"]

1. e4 c6 2. Nc3 d5 3. Nf3 g6 4. d4 Bg7 5. h3 Nf6 6. e5 Ne4 7. Nxe4 dxe4 8. Ng5 c5 9. dxc5 Qxd1+ 10. Kxd1 Nc6 11. Bb5 Bxe5 12. c3 f5 13. Bc4 Bf6 14. f3 exf3 15. gxf3 Bd7 16. Bf7+ Kf8 17. Bd5 Kg7 18. Ne6+ Bxe6 19. Bxe6 1/2-1/2

[Event "POL-chT DMP Ekstraliga 2019"]
[Site "Katowice"]
[Date "2019.08.30"]
[Round "3.23"]
[White "Bronowicki, Mateusz"]
[Black "Wieczorek, Oskar"]
[Result "0-1"]
[ECO "D71"]
[WhiteElo "2271"]
[BlackElo "2497"]
[Annotator "ChessBase"]
[PlyCount "62"]
[EventDate "2019.08.28"]
[EventType "team-tourn"]
[EventCountry "POL"]
[SourceTitle "playchess.com"]
[Source "ChessBase"]
[SourceQuality "1"]
[TimeControl "40/5400+30:1800+30"]

1. d4 Nf6 2. c4 g6 3. g3 Bg7 4. Bg2 O-O 5. Nc3 d6 6. e4 c5 7. d5 e6 8. Nge2 Na6 9. O-O exd5 10. exd5 Nc7 11. a3 b5 12. b4 cxb4 13. axb4 bxc4 14. Be3 a6 15. b5 axb5 16. Rxa8 Nxa8 17. Nxb5 Bf5 18. Ned4 Bd3 19. Nc6 Qd7 20. Re1 Nc7 21. Nxc7 Qxc7 22. Bd4 Qb7 23. h3 Re8 24. Rxe8+ Nxe8 25. Bxg7 Kxg7 26. g4 Qb2 27. Bf1 Bxf1 28. Kxf1 Nf6 29. Nd4 Nxd5 30. Nf5+ gxf5 31. Qxd5 Qb1+ 0-1

[Event "POL-chT DMP Ekstraliga 2019"]
[Site "Katowice"]
[Date "2019.08.30"]
[Round "3.24"]
[White "Zawadzka, Jolanta"]
[Black "Bartel, Marta"]
[Result "1-0"]
[ECO "B66"]
[WhiteElo "2407"]
[BlackElo "2244"]
[Annotator "NA"]
[PlyCount "53"]
[EventDate "2019.08.28"]
[EventType "team-tourn"]
[EventCountry "POL"]
[SourceTitle "playchess.com"]
[Source "ChessBase"]
[SourceQuality "1"]
[TimeControl "40/5400+30:1800+30"]

1. e4 c5 2. Nf3 Nc6 3. d4 cxd4 4. Nxd4 Nf6 5. Nc3 d6 6. Bg5 e6 7. Qd2 a6 8. O-O-O h6 9. Nxc6 bxc6 10. Bf4 d5 11. Qe3 Bb4 12. a3 Ba5 13. h4 O-O 14. e5 Bb6 15. Qe2 Nd7 16. g4 f6 17. exf6 Qxf6 18. Bg3 e5 19. Bg2 e4 20. g5 hxg5 21. Nxe4 dxe4 22. Rd6 Qe7 23. Bxe4 Rf7 24. Re6 Qc5 25. Rxc6 Qa5 26. Re6 Nf8 27. Re5 1-0